Map: Void Thrashing

Players

Andreas

  • Race: Terran Terran
  • Spawn Location: 6:00

NamroodTuo

  • Race: Terran Terran
  • Spawn Location: 9:00

VOD

Have the link to the VOD?

Description

Time

  • Played on: Feb. 6, 2023, 1:44 p.m.
  • Length: 21:18
Show
View Real Time Build Order
Export as new Build Order

Andreas Terran 

Build Orders:  

Get SALT Encoding   

  12  0:05  SCV  
  13  0:19  Supply Depot  
  13  0:48  Barracks  
  13  0:51  SCV  
  14  1:08  SCV  
  15  1:25  SCV  
  16  1:33  Refinery  
  16  1:34  Marine  
  17  1:42  SCV  
  17  1:45  Marine  
  19  1:55  Marine  
  20  2:02  Orbital Command  
  20  2:09  Marine  
  21  2:25  Marine  
  22  2:39  SCV  
  23  2:57  Marine, Supply Depot  
  23  3:00  SCV  
  23  3:08  Marine  
  25  3:10  Barracks  
  25  3:19  Marine  
  26  3:24  SCV  
  26  3:29  Marine  
  28  3:39  Marine  
  29  3:41  SCV  
  29  3:46  Barracks Reactor  
  31  3:51  Barracks  
  31  4:00  Supply Depot  
  31  4:21  Barracks Tech Lab  
  31  4:22  Supply Depot  
  31  4:27  Engineering Bay  
  31  4:32  Barracks Tech Lab  
  31  4:38  Marine x2  
  31  5:34  Marine  
  31  5:35  Marine x3  
  35  5:44  Marine  
  35  5:45  Marine x3  
  39  5:55  Marine  
  40  6:01  Unknown  
  40  6:07  Firebat x2  
  44  6:19  Firebat  
  44  6:23  Supply Depot  
  44  6:24  Medic  
  44  6:27  Supply Depot  
  44  6:29  Terran Infantry Weapons Level 1  
  48  6:33  Engineering Bay  
  48  6:34  Medic  
  48  6:37  SCV  
  51  6:41  Refinery  
  51  6:46  Factory  
  51  6:54  SCV  
  52  7:08  Medic  
  52  7:09  Medic  
  52  7:19  Medic  
  58  7:33  SCV  
  59  7:46  Terran Infantry Armor Level 1  
  59  7:50  SCV  
  59  7:53  Supply Depot  
  59  7:57  Supply Depot  
  60  8:05  Marine  
  60  8:06  Marauder x2  
  60  8:07  SCV  
  66  8:13  Stabilizer Medpacks  
  66  8:24  SCV  
  67  8:30  Firebat  
  67  8:33  Firebat  
  67  8:38  Marine x2  
  71  8:41  SCV  
  71  8:43  Marine  
  71  8:45  Marine  
  71  8:48  Marine x2  
  76  8:58  SCV  
  79  9:13  Incinerator Gauntlets  
  79  9:14  Factory Tech Lab  
  79  9:21  Supply Depot, Armory  
  79  9:23  Supply Depot  
  79  9:24  SCV  
  80  9:45  Marauder x2  
  79  9:50  Marine x2  
  79  9:57  Marine, Marauder  
  73  10:00  Marine x2  
  73  10:07  Marine  
  62  10:10  Medic  
  77  10:12  Juggernaut Plating  
  77  10:17  Medic  
  68  10:48  Marine x2  
  68  10:49  Marauder x2  
  68  10:58  Marine x2  
  74  11:01  Marauder  
  74  11:02  Marauder  
  74  11:08  Marine  
  80  11:14  Marauder  
  83  11:33  Firebat  
  83  11:34  Firebat  
  87  11:46  Firebat x2  
  91  11:59  Firebat  
  93  12:10  Marauder  
  95  12:27  Supply Depot  
  95  12:28  Marauder  
  86  12:52  Marauder  
  86  12:53  Marauder  
  86  12:57  Terran Infantry Armor Level 2, Terran Infantry Weapons Level 2  
  90  13:10  Supply Depot  
  90  13:14  Siege Tank  
  93  13:31  Supply Depot  
  93  13:33  Concussive Shells  
  93  13:34  Siege Tank  
  96  13:51  Marine x2, Marauder x2  
  102  14:01  Marine  
  102  14:06  Marine x2  
  102  14:07  Marine  
  106  14:11  Marine  
  106  14:16  Marine  
  106  14:17  Marine x2  
  109  14:21  Marine  
  109  14:23  Siege Tank x2  
  109  14:27  Marine x3  
  112  14:32  Marine  
  112  14:37  Marine x2  
  97  15:10  Siege Tank  
  97  15:11  Siege Tank  
  97  15:14  Marine  
  97  15:15  Marine x3  
  95  15:24  Marine  
  95  15:25  Marine x3  
  78  15:35  Marine x4  
  49  15:45  Marine x4  
  44  15:55  Marine x2  
  46  16:04  Siege Tank x2  
  46  16:07  Medic  
  46  16:08  Medic  
  45  16:18  Medic x2  
  49  16:20  Siege Tank x2  
  49  16:28  Medic x2  
  53  16:38  Medic  
  53  16:39  Marauder  
  57  16:49  Marauder  
  61  16:52  Marauder  
  65  17:32  Marine x4  
  69  17:42  Marine x3  
  69  17:43  Marine  
  73  17:52  Marine  
  73  17:53  Marine x3  
  77  18:02  Marine  
  77  18:03  Marine x3  
  81  18:13  Marine  
  81  18:15  Siege Tank x2  
  58  18:38  Marine  
  58  18:39  Marine x3  
  58  18:49  Marine x4  
  62  18:59  Marine x4  
  66  19:09  Marine x4  
  117  19:20  Marine x2  
  67  19:57  Medic x2  
  53  20:07  Firebat, Medic  
  53  20:09  Siege Tank  
  49  20:17  Firebat  
  51  20:20  Firebat  
  55  20:30  Firebat  
  55  20:33  Firebat  
Show
View Real Time Build Order
Export as new Build Order

NamroodTuo Terran 

Build Orders:  

Get SALT Encoding   

  12  0:03  SCV  
  13  0:17  SCV  
  14  0:30  SCV  
  14  0:33  Supply Depot  
  15  0:51  SCV  
  16  1:04  SCV  
  17  1:18  SCV  
  18  1:20  Factory  
  18  1:35  SCV  
  19  1:48  SCV  
  20  1:53  Perdition Turret  
  20  2:02  SCV  
  20  2:04  Supply Depot  
  21  2:15  SCV  
  21  2:19  Perdition Turret  
  22  2:29  SCV  
  23  2:39  Perdition Turret  
  23  2:42  SCV  
  24  2:56  SCV  
  25  3:03  Perdition Turret  
  25  3:06  Devastation Turret  
  20  3:10  Perdition Turret, SCV  
  26  3:21  Refinery  
  26  3:23  SCV  
  27  3:32  Refinery  
  27  3:35  Perdition Turret  
  27  3:37  SCV  
  28  3:42  Supply Depot  
  28  3:50  SCV  
  28  3:58  Perdition Turret  
  28  3:59  Perdition Turret  
  29  4:04  SCV  
  30  4:11  Devastation Turret  
  30  4:17  SCV  
  31  4:23  Armory  
  31  4:25  Devastation Turret  
  31  5:20  SCV  
  31  5:26  Upgrade Laser Drill Level 1  
  32  5:32  Supply Depot  
  32  5:33  SCV  
  32  5:37  Factory Tech Reactor  
  33  5:45  Starport  
  33  5:47  SCV  
  34  5:56  Starport  
  34  6:00  SCV  
  35  6:14  SCV  
  36  6:42  Engineering Bay  
  36  7:10  Spinning Dizzy  
  36  7:15  Spinning Dizzy  
  36  7:19  Spinning Dizzy  
  36  7:29  Command Center  
  36  7:41  Perdition Turret  
  36  7:51  Supply Depot  
  36  8:00  Starport Tech Reactor  
  36  8:01  Starport Tech Reactor  
  36  8:14  Starport  
  36  8:21  Fire-Suppression Systems  
  36  8:24  Supply Depot  
  36  8:25  Advanced Optics  
  36  8:37  SCV  
  37  8:50  SCV  
  38  9:01  Refinery  
  38  9:04  SCV  
  38  9:05  Refinery  
  39  9:13  Supply Depot  
  39  9:17  SCV  
  40  9:31  SCV  
  40  9:38  Starport Tech Reactor  
  41  9:41  Pulse Amplifier  
  41  9:43  Displacement Field  
  41  9:44  Supply Depot  
  41  9:45  SCV  
  42  9:58  SCV  
  43  10:12  SCV  
  44  10:25  Regenerative Bio-Steel  
  44  11:33  Wraith x3  
  44  11:34  Wraith  
  44  11:35  Wraith  
  44  11:36  Wraith  
  56  11:52  Supply Depot  
  56  12:06  SCV  
  57  12:13  Science Vessel x3  
  57  12:19  SCV  
  63  12:21  Terran Vehicle and Ship Weapons Level 1  
  63  12:23  Supply Depot  
  63  12:24  Hi-Sec Auto Tracking  
  64  12:33  SCV  
  65  12:46  SCV  
  65  12:49  Wraith, Science Vessel  
  70  12:50  Wraith  
  70  12:54  Spinning Dizzy  
  70  12:56  Supply Depot  
  72  13:00  SCV  
  72  13:01  Wraith  
  75  13:15  Perdition Turret  
  75  13:24  Structure Armor  
  75  13:28  Supply Depot  
  75  13:30  Upgrade Laser Drill Level 2  
  75  14:00  Supply Depot  
  75  14:03  Wraith x4  
  83  14:24  KMC Auto-Loaders  
  83  14:31  Supply Depot  
  83  15:00  Terran Vehicle And Ship Armor Level 1  
  63  15:31  Wraith  
  63  15:32  Wraith x5  
  69  16:11  Wraith  
  69  16:12  Wraith x5  
  81  16:51  Wraith  
  81  16:52  Wraith  
  83  17:39  Science Vessel x3  
  89  17:40  Wraith x2  
  89  17:41  Wraith  
  85  18:20  Wraith x2  
  85  18:21  Wraith  
  85  18:27  Wraith x3  
  97  19:00  Wraith x3  
  97  19:07  Wraith x3  
  109  19:40  Wraith x3  
  109  19:47  Wraith x3  
  111  20:20  Wraith x2  
Tags
 
Commander
RaynorSwann
Matchup
Co-op
Replay Pack
Multiplayer
Add a new tag
Caveats
  • Supply blocks, unpowered buildings, or Contaminate may cause inaccurate times.
  • Supply counts are checked every 10 seconds.